 Dungeon Crawl Stone Soup version 0.18-a0-1730-g73f0523 (webtiles) character file.

6948 FrancescoMac the Envoy of Void (level 10, -3/73 HPs)
             Began as a Demonspawn Abyssal Knight on Apr 10, 2016.
             Was a High Priest of Lugonu.
             Slain by a hill giant
             ... wielding a +0 giant club
              (23 damage)
             ... on level 10 of the Dungeon.
             The game lasted 00:36:01 (7576 turns).

FrancescoMac the Envoy of Void (DsAK)               Turns: 7576, Time: 00:36:02

Health: -3/73      AC: 22    Str: 13    XL:     10   Next: 80%
Magic:  17/17      EV: 14    Int: 13    God:    Lugonu [*****.]
Gold:   449        SH:  0    Dex: 14    Spells: 0 memorised, 9 levels left

rFire  + . .     SeeInvis .     Q - +0 broad axe
rCold  + . .     Gourm    .     s - +5 ring mail
rNeg   . . .     Faith    .     (no shield)
rPois  .         Spirit   .     e - +0 helmet
rElec  +         Dismiss  .     m - +1 cloak
rCorr  .         Reflect  .     x - +0 pair of gloves (curse)
SustAt .         Harm     .     (no boots)
MR     .....                    l - amulet of rage
Stlth  +.........               (no ring)
                                t - +4 ring of protection

@: not resistant to hostile enchantments, very unstealthy
A: talons 2, thin metallic scales 1, cold resistance 1, fire resistance 1, frail
1, electricity resistance, spiny 3, weak 1, wild magic 1
a: Depart the Abyss, Bend Space, Banish, Corrupt, Enter the Abyss, Renounce
Religion, Evoke Berserk Rage


You were on level 10 of the Dungeon.
You worshipped Lugonu.
Lugonu was extremely pleased with you.
You were not hungry.

You visited 1 branch of the dungeon, and saw 10 of its levels.
You visited the Abyss 1 time.

You collected 489 gold pieces.
You spent 40 gold pieces at shops.

Inventory:

Hand Weapons
 a - a +1 hand axe
 j - a +1 war axe
 E - a +0 shortbow
 Q - a +0 broad axe (weapon)
Missiles
 A - 5 tomahawks
 D - 136 stones (quivered)
 F - 78 arrows
Armour
 b - a +1 leather armour
 e - a +0 helmet (worn)
 m - a +1 cloak (worn)
 s - a +5 ring mail (worn)
 x - a cursed +0 pair of gloves (worn)
 I - a troll hide
 J - a troll hide
Jewellery
 l - an amulet of rage (around neck)
 t - a +4 ring of protection (left hand)
Wands
 f - a wand of lightning (9/15)
 u - a wand of paralysis (12/24)
 L - a wand of disintegration (8/24)
Scrolls
 g - 2 scrolls of fear
 k - a scroll of recharging
 o - 5 scrolls of remove curse
 p - a scroll of magic mapping
 y - 2 scrolls of teleportation
 z - a scroll of identify
 B - 2 scrolls of noise
 C - a scroll of amnesia
 G - a scroll of blinking
 O - a scroll of vulnerability
Potions
 h - 2 potions of magic
 q - 4 potions of curing
 r - 2 potions of flight
 v - a potion of haste {unknown}
 M - 2 potions of might
Books
 H - a book of Party Tricks

   Spells                             Type                      Level
   a - Summon Butterflies             Summoning                    1
   b - Apportation                    Translocation                1
   c - Tukima's Dance                 Hexes                        3
   d - Alistair's Intoxication        Transmutation/Poison         5
   e - Invisibility                   Hexes                        6
 N - a book of Necromancy

   Spells                             Type                      Level
   a - Pain                           Necromancy                   1
   b - Animate Skeleton               Necromancy                   1
   c - Vampiric Draining              Necromancy                   3
   d - Regeneration                   Charms/Necromancy            3
   e - Animate Dead                   Necromancy                   4
   f - Control Undead                 Necromancy                   4
Miscellaneous
 K - a plain deck of defence {the Tomb}
Comestibles
 c - 10 bread rations
 d - 2 slices of pizza
 i - 5 meat rations
 n - 8 beef jerkies
 w - 3 fruits
 P - 36 chunks of flesh


   Skills:
 + Level 8.5 Fighting
 + Level 6.9 Axes
 + Level 6.7 Armour
 + Level 6.6 Dodging
 + Level 10.3 Invocations


You had 9 spell levels left.
You didn't know any spells.

Dungeon Overview and Level Annotations

Branches:
Dungeon (10/15)            Temple (0/1) D:4            Lair (0/8) D:9
    Orc (0/2) D:9

Altars:
Ashenzari
Elyvilon
Gozag
Makhleb
Pakellas
Trog
Yredelemnul
The Shining One

Shops:
D:10 (


Innate Abilities, Weirdness & Mutations

You have razor-sharp toenails.
You are partially covered in thin metallic scales (AC +2).
Your flesh is heat resistant.
You are completely covered in sharp spines.
Your flesh is cold resistant.
You are frail (-10% HP).
You are resistant to electric shocks.
You are weak. (Str -2)
Your spells are a little harder to cast, but a little more powerful.


Message History

You hit the hill giant but do no damage.
You claw the hill giant.
The hill giant is moderately wounded.
The hill giant is struck by your spines.
The hill giant hits you with a giant club!!
You barely miss the hill giant.
You claw the hill giant, but do no damage.
The hill giant is moderately wounded.
The hill giant is struck by your spines.
The hill giant hits you with a giant club!!
* * * LOW HITPOINT WARNING * * *
You are too injured to fight recklessly!
You are too injured to fight recklessly!
You are too injured to fight recklessly!
You are too injured to fight recklessly!
You slash the hill giant!
The hill giant is severely wounded.
The hill giant is struck by your spines.
The hill giant hits you with a giant club!!
You die...

. #.# ### ## .... .c
..# ##### #....#. ##.#
#...# ......C#...#
#...# ...####@.# #...#
........#######...###+#
.#.....(..........#...#
...#...†(.............#
###.........###..∩....#
#.........# #....####
#.......((# ###..#
...........####..##
.................##


You could see a hill giant and a centaur.

Vanquished Creatures
  A gargoyle (D:9)
  A komodo dragon (D:9)
  2 trolls
  6 yaks (D:10)
  A hungry ghost (D:8)
  A water moccasin (D:9)
  2 orc warriors (D:7)
  2 sky beasts
  A black bear (D:8)
  2 ice beasts
  7 ogres
  6 necrophages (D:9)
  The ghost of nubinia the Grave Robber, an amateur DsNe (D:3)
  3 centaurs
  A gnoll sergeant (D:8)
  7 giant frogs
  A wyvern zombie (D:9)
  A scorpion (D:5)
  8 killer bees
  3 wights (D:9)
  2 electric eels (D:9)
  A howler monkey (D:7)
  5 crimson imps
  A giant frog zombie (D:9)
  A centaur zombie (D:9)
  3 jellies
  5 hounds
  3 quasits
  5 orc priests
  A gnoll shaman (D:8)
  6 orc wizards
  3 giant frog skeletons
  An iguana (D:9)
  3 worker ants
  A killer bee zombie (D:8)
  A hound skeleton (D:4)
  2 mummies (D:9)
  A howler monkey zombie (D:9)
  2 worker ant zombies
  Robin (D:2)
  12 gnolls
  A howler monkey skeleton (D:5)
  6 adders
  3 shadow imps
  An ooze (D:4)
  2 adder zombies
  3 worms
  3 dart slugs
  3 giant geckos
  41 orcs
  7 bats
  10 giant cockroaches
  17 goblins
  11 hobgoblins
  12 jackals
  3 quokkas
  A ball python (D:1)
  A giant gecko skeleton (D:5)
  6 giant newts
  A jackal zombie (D:5)
  11 kobolds
  8 rats
268 creatures vanquished.

Vanquished Creatures (others)
  A giant cockroach (D:5)
  A plant (D:9)
2 creatures vanquished.

Grand Total: 270 creatures vanquished

Notes
Turn   | Place    | Note
--------------------------------------------------------------
     0 | Abyss:1  | FrancescoMac the Demonspawn Abyssal Knight began the quest for the Orb.
     0 | Abyss:1  | Reached XP level 1. HP: 18/18 MP: 2/2
    68 | Abyss:1  | Noticed a snapping turtle zombie
    70 | Abyss:1  | Noticed a starcursed mass
    70 | D:1      | Escaped the Abyss
    92 | D:1      | Reached skill level 1 in Dodging
   149 | D:1      | Reached * piety under Lugonu
   150 | D:1      | Gained mutation: You are partially covered in thin metallic scales (AC +2). [demonic ancestry]
   150 | D:1      | Reached XP level 2. HP: 17/24 MP: 3/3
   529 | D:1      | Gained mutation: You have sharp toenails. [demonic ancestry]
   529 | D:1      | Reached XP level 3. HP: 29/29 MP: 4/4
   655 | D:2      | HP: 1/29 [worm (7)]
   971 | D:2      | Noticed Robin
  1158 | D:1      | Reached ** piety under Lugonu
  1158 | D:1      | Reached skill level 3 in Invocations
  1557 | D:2      | Gained mutation: You are partially covered in sharp spines. [demonic ancestry]
  1557 | D:2      | Reached XP level 4. HP: 34/37 MP: 6/6
  1807 | D:2      | Killed Robin
  1946 | D:2      | Gained mutation: You are frail (-10% HP). [potion of mutation]
  1946 | D:2      | Gained mutation: Your spells are a little harder to cast, but a little more powerful. [potion of mutation]
  2000 | D:3      | Found a bloodstained altar of Trog.
  2013 | D:3      | Noticed nubinia's ghost (amateur DsNe)
  2020 | D:3      | Killed nubinia's ghost
  2020 | D:3      | Reached skill level 4 in Invocations
  2020 | D:3      | Gained mutation: Your flesh is heat resistant. [demonic ancestry]
  2020 | D:3      | Reached XP level 5. HP: 28/37 MP: 6/8
  2114 | D:3      | Reached *** piety under Lugonu
  2476 | D:4      | Found a staircase to the Ecumenical Temple.
  2584 | D:4      | Noticed an ogre
  2591 | D:4      | Killed an ogre
  2591 | D:4      | Reached XP level 6. HP: 44/44 MP: 9/9
  2658 | D:4      | Found an opulent altar of Gozag.
  2977 | D:5      | Entered Level 5 of the Dungeon
  3041 | D:5      | Reached skill level 5 in Fighting
  3041 | D:5      | Reached XP level 7. HP: 46/50 MP: 10/10
  3066 | D:5      | Reached skill level 5 in Invocations
  3099 | D:5      | Reached **** piety under Lugonu
  3412 | D:5      | Found an oddly glowing altar of Pakellas.
  3588 | D:6      | Found a burning altar of Makhleb.
  4068 | D:6      | Gained mutation: You have razor-sharp toenails. [demonic ancestry]
  4068 | D:6      | Reached XP level 8. HP: 56/56 MP: 12/12
  4544 | D:6      | Reached skill level 6 in Invocations
  5064 | D:7      | Found a shattered altar of Ashenzari.
  5222 | D:7      | Reached skill level 7 in Invocations
  5271 | D:7      | Reached skill level 5 in Axes
  5271 | D:7      | Gained mutation: You are mostly covered in sharp spines. [demonic ancestry]
  5271 | D:7      | Reached XP level 9. HP: 29/63 MP: 14/14
  5360 | D:7      | Reached ***** piety under Lugonu
  5617 | D:7      | Found a glowing golden altar of the Shining One.
  5761 | D:7      | Reached skill level 5 in Armour
  5770 | D:7      | Gained mutation: Your flesh is cold resistant. [potion of mutation]
  5770 | D:7      | Gained mutation: You are weak. (Str -2) [potion of mutation]
  5770 | D:7      | Gained mutation: You are resistant to electric shocks. [potion of mutation]
  5888 | D:8      | Reached skill level 5 in Dodging
  5928 | D:8      | Found a basalt altar of Yredelemnul.
  6007 | D:8      | Reached skill level 8 in Invocations
  6406 | D:8      | Noticed a troll
  6415 | D:8      | Killed a troll
  6540 | D:8      | Found a white marble altar of Elyvilon.
  6581 | D:9      | Noticed a troll
  6591 | D:9      | Killed a troll
  6598 | D:9      | Gained mutation: You are completely covered in sharp spines. [demonic ancestry]
  6598 | D:9      | Reached XP level 10. HP: 52/71 MP: 16/16
  6601 | D:9      | Found a staircase to the Orcish Mines.
  6604 | D:9      | Reached skill level 9 in Invocations
  6895 | D:9      | Noticed a gargoyle
  6904 | D:9      | Killed a gargoyle
  7078 | D:9      | You fall through a shaft!
  7078 | D:10     | Entered Level 10 of the Dungeon
  7269 | D:9      | Found a staircase to the Lair.
  7443 | D:10     | Reached skill level 10 in Invocations
  7547 | D:10     | Found Tixt's Weapon Boutique.
  7557 | D:10     | Bought a +0 broad axe for 40 gold pieces
  7568 | D:10     | Noticed a hill giant
  7576 | D:10     | Slain by a hill giant

Vault maps used:
D:1:      dpeg_arrival_rooms_with_view, kennysheep_flooded_box, minmay_vboxes
D:2:      uniq_robin
D:3:      nicolae_overflow_hidden_temple, first_bread, kennysheep_nub
D:4:      grunt_gozag_breadcrumbs, temple_pool_b
D:5:      lemuel_ice_spiral_2, marbit_many_paths, st_stairs_10
D:6:      bloody_makhleb, minmay_misc_feat_columns, item_on_display_a
D:7:      kennysheep_mini, ashenzari_conservatory_becter, grunt_ogre_cave
D:8:      kennysheep_ying_yang
D:9:      statuecave_lemuel, david_lair_shrubbed, david_orc_3, serial_undead,
          serial_undead_f, serial_undead_c, serial_undead_d, serial_undead_f,
          serial_undead_b, serial_undead_d, serial_undead_c, serial_undead_d,
          serial_undead_a, serial_undead_f
D:10:     serial_shops, shop, shop, hangedman_decor_riveting,
          grunt_dithmenos_shadows

Skill      XL: |  1  2  3  4  5  6  7  8  9 10 |
---------------+-------------------------------+-----
Dodging        | 1 2 3 4 5 6 |  6.6
Armour         | 2 3 4 5 6 |  6.7
Axes           | 2 3 5 6 |  6.9
Invocations    | 3 4 5 7 8 10 | 10.3
Fighting       | 4 5 6 7 8 |  8.5

Action                   |  1- 3 |  4- 6 |  7- 9 | 10-12 || total
-------------------------+-------+-------+-------+-------++-------
Melee: Hand axe          |   124 |    64 |       |       ||   188
       War axe           |       |    17 |   261 |   112 ||   390
       Broad axe         |       |       |       |     7 ||     7
Invok: Depart the Abyss  |     1 |       |       |       ||     1
  Use: Scroll            |     4 |     8 |     5 |     4 ||    21
       Potion            |       |     5 |     2 |     1 ||     8
  Eat: Chunk             |     2 |       |    11 |     2 ||    15
       Meat ration       |       |     1 |       |       ||     1
       Fruit             |       |       |     4 |     1 ||     5
